 Dungeon Crawl Stone Soup version 0.19-a0-981-gaae9137 (webtiles) character file.

53166 magipi the Carver (level 15, -3/99 HPs)
             Began as a Halfling Berserker on July 14, 2016.
             Was a High Priest of Trog.
             Slain by Rupert
             ... wielding a +3 great sword of electrocution
              (25 damage)
             ... on level 12 of the Dungeon.
             The game lasted 01:58:20 (15609 turns).

magipi the Carver (Halfling Berserker)             Turns: 15609, Time: 01:58:21

Health: -3/99      AC: 21    Str: 17    XL:     15   Next: 9%
Magic:  8/8        EV: 20    Int: 11    God:    Trog [*****.]
Gold:   454        SH:  0    Dex: 24    Spells: 0 memorised, 14 levels left

rFire  + + .     SeeInvis +     a - +2 double sword (antimagic)
rCold  + . .     Gourm    .     P - +2 scale mail {rF+}
rNeg   . . .     Faith    .     (shield currently unavailable)
rPois  +         Spirit   .     R - +3 crown of Dyrovepreva {rElec Int+2 SInv}
rElec  +         Dismiss  .     D - +2 cloak
rCorr  +         Reflect  .     C - +1 pair of gloves {Dex+3}
SustAt .         Harm     .     X - +0 pair of boots {Stlth+}
MR     +++..                    r - amulet of regeneration
Stlth  ++........               p - ring of poison resistance
                                s - +3 ring of dexterity

@: exhausted, resistant, regenerating, slowed, very slow, extremely resistant to
hostile enchantments, unstealthy
A: mutation resistance 1
a: Berserk, Trog's Hand, Brothers in Arms, Burn Spellbooks, Renounce Religion


You were on level 12 of the Dungeon.
You worshipped Trog.
Trog was extremely pleased with you.
You were near starving.

You visited 4 branches of the dungeon, and saw 21 of its levels.
You also visited: Ossuary and Volcano.

You collected 1869 gold pieces.
You spent 1415 gold pieces at shops.

Notes
Turn   | Place    | Note
-------+----------+-------------------------------------------
     0 | D:1      | magipi the Halfling Berserker began the quest for the Orb.
     0 | D:1      | Reached XP level 1. HP: 15/15 MP: 1/1
    77 | D:1      | Reached XP level 2. HP: 20/20 MP: 2/2
   676 | D:2      | Found a hazy altar of Hepliaklqana.
   677 | D:2      | Found a shimmering altar of Xom.
   678 | D:2      | Noticed a spectral ugly thing
   682 | D:2      | Found a radiant altar of Vehumet.
   701 | D:2      | Reached XP level 3. HP: 24/25 MP: 3/3
   791 | D:2      | Found an iron altar of Okawaru.
   856 | D:3      | Reached ** piety under Trog
   913 | D:3      | Found a faded altar of an unknown god.
  1200 | D:2      | Reached XP level 4. HP: 30/30 MP: 4/4
  1219 | D:2      | Found a bloodstained altar of Trog.
  1329 | D:2      | Reached skill level 5 in Long Blades
  1390 | D:3      | Noticed a sky beast
  1598 | D:3      | Reached XP level 5. HP: 17/35 MP: 5/5
  1632 | D:4      | Noticed a phantom
  1633 | D:4      | Noticed Natasha
  1643 | D:4      | Killed Natasha
  1699 | D:4      | Killed a phantom
  1699 | D:4      | Reached XP level 6. HP: 25/41 MP: 6/6
  1729 | D:4      | Noticed Blork the orc
  1767 | D:4      | Killed Blork the orc
  1768 | D:4      | Noticed Natasha
  1780 | D:5      | Entered Level 5 of the Dungeon
  2083 | D:4      | Found a sand-covered staircase.
  2088 | Ossuary  | Entered an ossuary
  2262 | Ossuary  | Noticed George's ghost (amateur MiFi)
  2277 | Ossuary  | Killed George's ghost
  2277 | Ossuary  | Reached XP level 7. HP: 41/45 MP: 7/7
  2410 | D:4      | Killed Natasha
  2424 | D:4      | Noticed Natasha
  2437 | D:4      | Killed Natasha
  2714 | D:3      | Reached *** piety under Trog
  3136 | D:5      | Reached XP level 8. HP: 51/51 MP: 8/8
  3431 | D:6      | Found a staircase to the Ecumenical Temple.
  3447 | Temple   | Entered the Ecumenical Temple
  3636 | D:6      | Found a hide-covered altar of Uskayaw.
  3685 | D:6      | Noticed Grinder
  3704 | D:6      | Found a white marble altar of Elyvilon.
  3708 | D:6      | Killed Grinder
  4028 | D:7      | Reached XP level 9. HP: 51/58 MP: 9/9
  4129 | D:7      | You fall through a shaft for 2 floors!
  4495 | D:7      | Reached skill level 10 in Long Blades
  4495 | D:7      | Reached skill level 5 in Armour
  4514 | D:7      | Reached **** piety under Trog
  4590 | D:7      | Reached skill level 5 in Fighting
  5178 | D:8      | Found a roughly hewn altar of Beogh.
  5370 | D:8      | Reached ***** piety under Trog
  5387 | D:8      | Found a stormy altar of Qazlal.
  5427 | D:8      | Found a bloodstained altar of Trog.
  5704 | D:8      | Noticed a two-headed ogre
  5711 | D:8      | Killed a two-headed ogre
  5803 | D:8      | Reached XP level 10. HP: 50/68 MP: 10/10
  5899 | D:9      | Found Busair's General Store.
  5911 | D:9      | Bought a potion of curing for 48 gold pieces
  6030 | D:9      | Noticed a centaur warrior
  6044 | D:9      | Killed a centaur warrior
  6216 | D:9      | Reached skill level 1 in Evocations
  6487 | D:10     | Entered Level 10 of the Dungeon
  6574 | D:10     | Noticed an oklob plant
  6744 | D:10     | HP: 2/71 [yak (13)]
  6912 | D:10     | Reached XP level 11. HP: 60/75 MP: 13/13
  7375 | D:10     | Found a staircase to the Lair.
  7387 | D:10     | Found a basalt altar of Yredelemnul.
  7582 | D:10     | Noticed an oklob plant
  7654 | D:11     | Noticed a purple ugly thing
  7669 | D:11     | Killed a purple ugly thing
  7669 | D:11     | Reached skill level 1 in Throwing
  7907 | Lair:1   | Entered Level 1 of the Lair of Beasts
  7941 | Lair:1   | Reached skill level 5 in Dodging
  8352 | Lair:1   | Reached skill level 5 in Evocations
  8446 | Lair:1   | Found a shadowy altar of Dithmenos.
  8648 | Lair:1   | Received a gift from Trog
  8722 | Lair:2   | Noticed a six-headed hydra
  8779 | Lair:1   | Reached XP level 12. HP: 67/82 MP: 16/16
  8984 | Lair:2   | Received a gift from Trog
  9096 | Lair:2   | Reached skill level 5 in Throwing
  9178 | Lair:2   | Got a jewelled greatsling {god gift}
  9179 | Lair:2   | Identified the +11 greatsling of Trog's Anger {velocity, Fragile Int+5} (Trog gifted it to you on level 2 of the Lair of Beasts)
  9255 | Lair:3   | Reached skill level 10 in Armour
  9598 | Lair:3   | Noticed a four-headed hydra
  9611 | Lair:3   | Killed a four-headed hydra
  9832 | Lair:4   | Found a dark tunnel.
  9841 | Volcano  | Entered a volcano
 10528 | Lair:4   | Noticed a five-headed hydra
 10547 | Lair:4   | Killed a four-headed hydra
 10547 | Lair:4   | Reached XP level 13. HP: 86/88 MP: 18/18
 10580 | Lair:4   | Found a staircase to the Snake Pit.
 10732 | Lair:4   | Reached ****** piety under Trog
 10752 | Lair:4   | Found a staircase to the Swamp.
 10810 | Lair:4   | Received a gift from Trog
 10969 | Lair:4   | Noticed an eight-headed hydra
 11123 | Lair:5   | Found a staircase to the Slime Pits.
 11205 | Lair:5   | Received a gift from Trog
 11257 | Lair:5   | Noticed a four-headed hydra
 11283 | Lair:5   | Killed a five-headed hydra
 11436 | Lair:5   | Got a heavily runed plate armour
 11455 | Lair:5   | Identified the +9 plate armour of the Beekeeper {rElec Regen+ Str-5} (You found it on level 5 of the Lair of Beasts)
 11626 | Lair:5   | Reached skill level 10 in Throwing
 11628 | Lair:5   | Reached skill level 10 in Evocations
 11811 | Lair:6   | Entered Level 6 of the Lair of Beasts
 11871 | Lair:6   | Reached XP level 14. HP: 70/94 MP: 20/22
 12745 | Lair:2   | Received a gift from Trog
 12841 | Lair:2   | Received a gift from Trog
 13246 | D:11     | Found a staircase to the Orcish Mines.
 13659 | Orc:1    | Entered Level 1 of the Orcish Mines
 13884 | Orc:1    | Found a roughly hewn altar of Beogh.
 14033 | Orc:2    | Entered Level 2 of the Orcish Mines
 14272 | Orc:2    | Received a gift from Trog
 14315 | Orc:2    | Found a staircase to the Elven Halls.
 15013 | Orc:2    | Found Wodurhex's Magic Scroll Shop.
 15013 | Orc:2    | Found Panwet's Jewellery Boutique.
 15016 | Orc:2    | Found Boosch's Distillery.
 15018 | Orc:2    | Found Huugij's Antique Armour Shop.
 15044 | Orc:2    | Reached XP level 15. HP: 93/99 MP: 8/24
 15104 | Orc:2    | Bought a potion of agility for 60 gold pieces
 15104 | Orc:2    | Bought a potion of mutation for 37 gold pieces
 15109 | Orc:2    | Bought a scroll of identify for 36 gold pieces
 15109 | Orc:2    | Bought a scroll of identify for 36 gold pieces
 15109 | Orc:2    | Bought a scroll of identify for 36 gold pieces
 15110 | Orc:2    | Bought a pair of embroidered gloves for 99 gold pieces
 15110 | Orc:2    | Bought the +3 crown of Dyrovepreva {rElec Int+2 SInv} for 910 gold pieces
 15110 | Orc:2    | Bought a pair of runed boots for 99 gold pieces
 15154 | Orc:2    | Bought a scroll of teleportation for 54 gold pieces
 15593 | D:12     | Noticed Rupert
 15609 | D:12     | Slain by Rupert

Inventory:

Hand Weapons
 a - a +2 antimagic double sword (weapon)
Missiles
 b - 4 poisoned tomahawks
 U - 8 tomahawks of dispersal
 Y - 5 tomahawks of returning (quivered)
Armour
 C - a +1 pair of gloves of dexterity (worn)
 D - a +2 cloak (worn)
 N - a +3 leather armour of cold resistance
 P - a +2 scale mail of fire resistance (worn)
 R - the +3 crown of Dyrovepreva (worn) {rElec Int+2 SInv}
   (You bought it in a shop on level 2 of the Orcish Mines)

   It affects your intelligence (+2).
   It insulates you from electricity.
   It lets you see invisible.
 X - a +0 pair of boots of stealth (worn)
Jewellery
 p - a ring of poison resistance (right hand)
 r - an amulet of regeneration (around neck)
 s - a +3 ring of dexterity (left hand)
 I - an uncursed ring of flight
 V - an uncursed ring of sustain attributes
Wands
 h - a wand of paralysis (15/24)
 i - a wand of polymorph (15/24)
 k - a wand of digging (12/24)
 B - a wand of digging (16/24)
 E - a wand of confusion (16/48)
 F - a wand of teleportation (8/9)
 G - a wand of polymorph (11/24)
 J - a wand of disintegration (3/24)
 M - a wand of lightning (8/15)
 Q - a wand of enslavement (5/24)
Scrolls
 e - 5 scrolls of fear
 g - 3 scrolls of enchant armour
 j - 7 scrolls of remove curse
 q - a scroll of identify
 t - 2 scrolls of fog
 y - 5 scrolls of enchant weapon
 L - 4 scrolls of teleportation
 W - 4 scrolls of magic mapping
 Z - a scroll of recharging
Potions
 d - 2 potions of invisibility
 f - a potion of cure mutation
 l - a potion of heal wounds
 m - 2 potions of haste
 o - 3 potions of might
 v - 3 potions of lignification
 w - 7 potions of curing
 x - 2 potions of resistance
 z - a potion of ambrosia
 A - a potion of cancellation
 H - 3 potions of agility
 K - 3 potions of berserk rage
Comestibles
 c - 8 bread rations
 n - a chunk of flesh
 u - 8 meat rations
 O - 2 fruits


   Skills:
 - Level 8.0 Fighting
 + Level 12.8 Long Blades
 - Level 12.0 Throwing
 - Level 10.1 Armour
 - Level 9.0 Dodging
 - Level 12.5 Evocations


You had 14 spell levels left.
You didn't know any spells.

Dungeon Overview and Level Annotations

Branches:
Dungeon (12/15)            Temple (1/1) D:6            Lair (6/6) D:10
  Swamp (0/4) Lair:4        Snake (0/4) Lair:4        Slime (0/5) Lair:5
    Orc (2/2) D:11            Elf (0/3) Orc:2

Altars:
Ashenzari
Cheibriados
Dithmenos
Elyvilon
Fedhas
Gozag
Hepliaklqana
Kikubaaqudgha
Makhleb
Nemelex Xobeh
Okawaru
Pakellas
Qazlal
Sif Muna
Trog
Uskayaw
Vehumet
Xom
Yredelemnul
Zin
The Shining One
Beogh

Shops:
D:9 *   Orc:2 =!?[

Annotations:
D:10 exclusion: 3 oklob plants
D:12 Rupert
Lair:4 exclusion: oklob plant
Lair:6 dire


Innate Abilities, Weirdness & Mutations

You are small and have problems with some larger weapons.
You are somewhat resistant to further mutation.

Vault maps used:
D:1:      minmay_arrival_shattered_statue, feat_on_display
D:2:      regret_index_temple_of_mockery, fiery_altar_vehumet,
          lemuel_round_altar, trog_three_pillars_becter
D:3:      ecumenical_altar_2, minivault_25
D:4:      nicolae_ossuary_entry_false_entrances, first_bread, uniq_natasha,
          uniq_blork_the_orc
D:5:      sigmund_army
D:6:      nicolae_ru_the_path_less_chosen, elyvilon_altar_5,
          kennysheep_mini_moat, uniq_grinder
D:7:      the_bakery
D:8:      grunt_qazlal_clouds, overflow_temple_1_default, special_room
D:9:      serial_shops, shop, minivault_10
D:10:     grunt_lair_entry_orc_guard_hut, basic_altar, disabler_island
D:11:     orc_0_dummy, kennysheep_pointless_box
D:12:     uniq_rupert
Temple:   cyrus_circular_temple
Lair:1:   gammafunk_lair_bear_cave, basic_altar
Lair:2:   special_room, grunt_megastairs_3, uniq_sonja
Lair:4:   minmay_lair_oklob_tunnel, nicolae_swamp_entry_splash_gauntlet,
          minmay_snake_entry_guardpost_small, lightli_volcano_entry_magma_tube,
          serial_bayou_shore_a
Lair:5:   nicolae_slime_entry_slimehenge, st_stairs_10, beast_lair_carwin_10,
          grunt_megastairs_1
Lair:6:   due_jungle_book, serial_bayou, serial_bayou_lagoon_b,
          serial_bayou_pond_a, serial_bayou_ford_a, serial_bayou_pond_c
Orc:1:    basic_altar
Orc:2:    st_orc_mages
Ossuary:  ossuary_minmay_chase
Volcano:  volcano_village


Message History

You closely miss the hungry ghost. You slash the hungry ghost!
The hungry ghost is moderately damaged.
The hungry ghost hits you.
You are feeling very hungry.
You slice the hungry ghost!!
The hungry ghost is severely damaged.
The hungry ghost misses you.
You miss the hungry ghost.
The hungry ghost is severely damaged.
You slice the hungry ghost!!
You destroy the hungry ghost!
Unknown command.
You feel a strong urge to attack something.
You feel your anger subside.
You are no longer berserk.
You are exhausted.
You feel yourself slow down.
You are near starving!
You are starving!
Eat one of 3 chunks of flesh? (ye/n/q)
You start eating one of the 3 chunks of flesh.
You continue eating. x2
You finish eating.
This raw flesh tastes terrible.
You are feeling very hungry.
Eat one of 2 chunks of flesh? (ye/n/q)
You start eating one of the 2 chunks of flesh.
You continue eating. x2
You finish eating.
This raw flesh tastes terrible.
All of the chunks of flesh in your inventory have rotted away.
You see here a yak corpse.
You butcher the yak corpse.
n - a chunk of flesh You see here a yak skeleton.
You feel yourself speed up.
You open the door.
You feel less exhausted.
There is an open door here.
Rupert the Wild comes into view.
He is wielding a great sword of electrocution.
Rupert shouts!
Your skin crawls.
You feel resistant to hostile enchantments.
You are feeling hungry.
Unknown command.
Your ogre goes berserk!
You feel quite a bit more hungry.
Unknown command.
You feel protected.
Rupert shouts, "I'm a great and powerful hero!"
A red film seems to cover your vision as you go berserk!
You feel yourself moving faster!
You feel mighty!
You are feeling very hungry.
Rupert roars madly and goes into a rage!
Rupert goes berserk!
You are too berserk!
Unknown command.
Unknown command.
You feel a strong urge to attack something.
Rupert hits your ogre with a great sword of electrocution!!
Your ogre barely misses Rupert.
You swap places.
Rupert misses you.
You riposte.
You hit Rupert.
Rupert's magic leaks into the air.
Rupert is lightly wounded.
You feel your anger subside.
A slime creature comes into view.
You are no longer berserk.
You are exhausted.
You feel yourself slow down.
You are near starving!
The slime creature quivers.
Rupert hits you with a great sword of electrocution!
You slash Rupert!
Rupert's magic leaks into the air.
Rupert is lightly wounded.
Your ogre barely misses Rupert.
Rupert hits you but does no damage.
Your ogre closely misses Rupert.
An orc warrior comes into view. It is wielding a dire flail.
The orc warrior shouts!
You hit Rupert.
Rupert's magic leaks into the air.
Rupert is lightly wounded.
Rupert hits you with a great sword of electrocution!!
Your ogre hits Rupert with a giant club!!
Rupert hits you with a great sword of electrocution!!
You hear a shout!
You barely miss Rupert.
Rupert is moderately wounded.
Your ogre barely misses Rupert.
Rupert hits you with a great sword of electrocution!
* * * LOW HITPOINT WARNING * * *
Your ogre closely misses Rupert.
Your ogre hits Rupert with a giant club!!
Rupert hits you with a great sword of electrocution!
* * * LOW HITPOINT WARNING * * *
You hear a shout!
Okay, then.
Okay, then.
Your ogre barely misses Rupert.
Rupert completely misses you.
You riposte.
You hit Rupert but do no damage.
Rupert is heavily wounded.
Your ogre closely misses Rupert.
Rupert hits you with a great sword of electrocution!!
You die...

............#
#.....#####.#
#...o. #.#
......#####.#
......o.....#
..#####.....#
#...#O##..#
#...'@##..#
#...#@....#
#...#.....#
#...#.....#
#.###.....#
#.#.......# .
#.......# ..
#.......#
#..##...#
#.......#


You could see Rupert (berserk), an orc warrior and a friendly ogre (berserk).

Vanquished Creatures
  A hydra (Lair:6)
  A centaur warrior (D:9)
  14 death yaks
  2 orc high priests (Orc:2)
  2 deep elf magi (Volcano)
  9 orc sorcerers
  2 griffons
  2 orc knights
  An ugly thing (D:11)
  3 elephants (Lair:5)
  4 black mambas
  2 gargoyles (D:11)
  11 spiny frogs
  6 komodo dragons
  A rime drake (Lair:5)
  A queen bee (Lair:2)
  A polar bear (Lair:5)
  7 blink frogs
  2 trolls
  Grinder (D:6)
  4 two-headed ogres
  49 yaks
  2 wraiths
  The ghost of George the Slasher, an amateur MiFi (Ossuary)
  A fire bat (Volcano)
  3 wyverns
  A hungry ghost (D:12)
  A hippogriff (Lair:1)
  2 hogs (Volcano)
  A steam dragon (D:12)
  2 vampire mosquitoes (D:12)
  2 basilisks
  5 swamp worms (Lair:4)
  4 wargs (Orc:2)
  8 water moccasins
  A naga (Lair:4)
  10 porcupines
  3 ice beasts
  5 black bears
  23 orc warriors
  7 ogres
  3 phantoms
  5 wolves (Lair:3)
  3 centaurs (Volcano)
  12 crocodiles
  2 big kobolds
  Blork the orc (D:4)
  10 giant frogs
  30 killer bees
  4 electric eels
  2 howler monkeys
  5 crimson imps
  A giant frog zombie (D:6)
  4 jellies
  11 orc priests
  4 hounds
  4 giant frog skeletons
  A gnoll shaman (D:7)
  7 iguanas
  5 centaur skeletons
  Natasha (thrice) (D:4)
  6 hell rats (Lair:4)
  29 orc wizards
  6 worker ants
  7 sheep (Lair:4)
  A hound zombie (D:8)
  3 mummies (Ossuary)
  12 adders
  13 gnolls
  A howler monkey skeleton (D:6)
  31 river rats
  2 shadow imps
  2 oozes (Lair:5)
  4 adder zombies
  A worm (D:2)
  4 giant geckos
  82 orcs
  2 ball pythons (D:2)
  3 giant cockroaches
  7 goblins
  5 hobgoblins
  11 jackals
  5 quokkas
  17 bats
  A giant gecko skeleton (D:9)
  A giant gecko zombie (D:6)
  4 giant newts
  5 goblin zombies (Ossuary)
  2 hobgoblin zombies (Ossuary)
  10 kobolds
  4 kobold zombies (Ossuary)
  3 quokka zombies
  7 rats
  2 rat zombies (Ossuary)
  A fungus (D:10)
619 creatures vanquished.

Vanquished Creatures (collateral kills)
  3 hydras
  A griffon (Lair:5)
  An elephant (Lair:5)
  A torpor snail (Lair:5)
  A blink frog (Lair:5)
  A basilisk (Lair:3)
  2 nagas (Lair:4)
  A porcupine (Lair:5)
  A crocodile (Lair:5)
  A giant frog (Lair:5)
  2 river rats
15 creatures vanquished.

Vanquished Creatures (others)
  2 komodo dragons
  A spiny frog (Lair:4)
  An orc (Orc:2)
  A kobold (D:2)
  A bat (D:2)
  24 fungi
  18 plants
48 creatures vanquished.

Grand Total: 682 creatures vanquished

Action                   |  1- 3 |  4- 6 |  7- 9 | 10-12 | 13-15 || total
-------------------------+-------+-------+-------+-------+-------++-------
Melee: Falchion          |   141 |   209 |   679 |    15 |       ||  1044
       Long sword        |       |       |       |   928 |   263 ||  1191
       Scimitar          |       |       |       |       |   872 ||   872
       Double sword      |       |       |       |       |   340 ||   340
Throw: Tomahawk          |       |       |     2 |     8 |     8 ||    18
Invok: Berserk           |     1 |     4 |     7 |     9 |    13 ||    34
       Trog's Hand       |       |     1 |     2 |     3 |    12 ||    18
       Brothers in Arms  |       |       |       |     2 |     4 ||     6
Evoke: Wand              |       |       |     1 |    13 |    18 ||    32
       Phantom mirror    |       |       |       |       |     1 ||     1
  Use: Scroll            |       |       |    19 |     3 |    20 ||    42
       Potion            |       |       |     2 |     5 |     2 ||     9
 Stab: Confused          |       |       |       |     9 |     6 ||    15
       Distracted        |       |       |       |     1 |     1 ||     2
       Sleeping          |       |       |       |     1 |       ||     1
       Paralysed         |       |       |       |       |     4 ||     4
       Petrifying        |       |       |       |       |     2 ||     2
  Eat: Beef jerky        |     1 |       |     1 |     1 |       ||     3
       Chunk             |       |     6 |     8 |    18 |    24 ||    56
       Royal jelly       |       |     1 |       |     1 |       ||     2
       Bread ration      |       |       |     1 |     2 |       ||     3
       Fruit             |       |       |     7 |     3 |       ||    10
       Meat ration       |       |       |       |       |     2 ||     2
Armor: Animal skin       |     5 |       |       |       |       ||     5
       Ring mail         |    22 |    19 |       |       |       ||    41
       Scale mail        |       |    24 |    72 |    21 |   284 ||   401
       Chain mail        |       |       |   136 |       |       ||   136
       Leather armour    |       |       |       |   101 |       ||   101
Dodge: Dodged            |    80 |    90 |   248 |   452 |   788 ||  1658

Action                   |  1- 3 |  4- 6 |  7- 9 | 10-12 | 13-15 || total
-------------------------+-------+-------+-------+-------+-------++-------
Melee: Falchion          |   141 |   209 |   679 |    15 |       ||  1044
       Long sword        |       |       |       |   928 |   263 ||  1191
       Scimitar          |       |       |       |       |   872 ||   872
       Double sword      |       |       |       |       |   340 ||   340
Throw: Tomahawk          |       |       |     2 |     8 |     8 ||    18
Invok: Berserk           |     1 |     4 |     7 |     9 |    13 ||    34
       Trog's Hand       |       |     1 |     2 |     3 |    12 ||    18
       Brothers in Arms  |       |       |       |     2 |     4 ||     6
Evoke: Wand              |       |       |     1 |    13 |    18 ||    32
       Phantom mirror    |       |       |       |       |     1 ||     1
  Use: Scroll            |       |       |    19 |     3 |    20 ||    42
       Potion            |       |       |     2 |     5 |     2 ||     9
 Stab: Confused          |       |       |       |     9 |     6 ||    15
       Distracted        |       |       |       |     1 |     1 ||     2
       Sleeping          |       |       |       |     1 |       ||     1
       Paralysed         |       |       |       |       |     4 ||     4
       Petrifying        |       |       |       |       |     2 ||     2
  Eat: Beef jerky        |     1 |       |     1 |     1 |       ||     3
       Chunk             |       |     6 |     8 |    18 |    24 ||    56
       Royal jelly       |       |     1 |       |     1 |       ||     2
       Bread ration      |       |       |     1 |     2 |       ||     3
       Fruit             |       |       |     7 |     3 |       ||    10
       Meat ration       |       |       |       |       |     2 ||     2
Armor: Animal skin       |     5 |       |       |       |       ||     5
       Ring mail         |    22 |    19 |       |       |       ||    41
       Scale mail        |       |    24 |    72 |    21 |   284 ||   401
       Chain mail        |       |       |   136 |       |       ||   136
       Leather armour    |       |       |       |   101 |       ||   101
Dodge: Dodged            |    80 |    90 |   248 |   452 |   788 ||  1658
